TOP OF THE 1ST |
Warwick Hunchbacks batting - Pitching for Corpus Christi Twins : RHP Allen Wilson
|
Pitching: RHP Allen Wilson
|
|
Batting: LHB Luis Robles
|
0-0: Foul Ball, location: 2F 0-1: SOLO HOME RUN (Flyball, 9D), Distance : 372 ft
|
Batting: RHB Jim Browning
|
0-0: Ball 1-0: SINGLE (Line Drive, 5L)
|
Batting: SHB Dustin Tucker
|
0-0: Ball 1-0: Grounds into double play, 3-6-3 (Groundball, 3)
|
Batting: SHB Gregg Wagner
|
0-0: Ball 1-0: Called Strike 1-1: Swinging Strike 1-2: Foul Ball, location: 2F 1-2: Ball 2-2: Strikes out swinging
|
Top of the 1st over - 1 run(s), 2 hit(s), 0 error(s), 0 left on base; Warwick 1 - Corpus Christi 0 |
BOTTOM OF THE 1ST |
Corpus Christi Twins batting - Pitching for Warwick Hunchbacks : RHP Jim Unknown
|
Pitching: RHP Jim Unknown
|
|
Batting: RHB Andrew Floyd
|
0-0: Ball 1-0: Ball 2-0: Ball 3-0: Called Strike 3-1: Base on Balls
|
Batting: RHB Bill McCarty
|
0-0: Ground out 5-3 (Groundball, 56S) Andrew Floyd to second
|
Batting: RHB Gonzalo Núñez
|
0-0: Ball Andrew Floyd steals 3rd base 1-0: Ground out 4-3 (Groundball, 34) Andrew Floyd scores
|
Batting: LHB Don Sullivan
|
0-0: Ball 1-0: Ball 2-0: Ball 3-0: Called Strike 3-1: Foul Ball, location: 2F 3-2: Foul Ball, location: 2F 3-2: SOLO HOME RUN (Flyball, 7D), Distance : 386 ft
|
Batting: LHB John Brewer
|
0-0: Ball 1-0: Called Strike 1-1: Foul Ball, location: 2F 1-2: Strikes out swinging
|
Bottom of the 1st over - 2 run(s), 1 hit(s), 0 error(s), 0 left on base; Warwick 1 - Corpus Christi 2 |
TOP OF THE 2ND |
Warwick Hunchbacks batting - Pitching for Corpus Christi Twins : RHP Allen Wilson
|
Batting: RHB Steve Brewer
|
0-0: Foul Ball, location: 2F 0-1: Ball 1-1: Foul Ball, location: 2F 1-2: Strikes out swinging
|
Batting: LHB Ted Cracknell
|
0-0: Ground out 4-3 (Groundball, 34)
|
Batting: SHB Joshua Barnes
|
0-0: Foul Ball, location: 2F 0-1: Ball 1-1: Ball 2-1: Ball 3-1: Swinging Strike 3-2: Base on Balls
|
Pitching: RHP Benjamin Booth
|
|
Batting: RHB Octávio Castaneda
|
0-0: Foul Ball, location: 2F 0-1: Ball 1-1: Foul Ball, location: 2F 1-2: Ground out 1-3 (Groundball, 15)
|
Top of the 2nd over - 0 run(s), 0 hit(s), 0 error(s), 1 left on base; Warwick 1 - Corpus Christi 2 |
BOTTOM OF THE 2ND |
Corpus Christi Twins batting - Pitching for Warwick Hunchbacks : RHP Jim Unknown
|
Batting: RHB Martín González
|
0-0: Ball 1-0: Swinging Strike 1-1: Bunt missed! 1-2: Ball 2-2: Foul Ball, location: 2F 2-2: Foul Ball, location: 2F 2-2: Foul Ball, location: 2F 2-2: Fly out, F9 (Flyball, 9M)
|
Batting: RHB Daniel Cooper
|
0-0: Ball 1-0: Ground out 6-3 (Groundball, 6M)
|
Batting: RHB Denis Taylor
|
0-0: Called Strike 0-1: Ball 1-1: SINGLE (Groundball, 56D)
|
Batting: RHB Vincent Parker
|
0-0: Ball 1-0: Reached on Error, E9 (Line Drive, 9S) Denis Taylor to third
|
Batting: RHB Andrew Floyd
|
0-0: Called Strike 0-1: Ball 1-1: Ball 2-1: 3-RUN HOME RUN (Flyball, 78XD), Distance : 422 ft
|
Pitching: RHP Lou Armstrong
|
|
Batting: RHB Bill McCarty
|
0-0: Ball 1-0: Fly out, F8 (Flyball, 89XD)
|
Bottom of the 2nd over - 3 run(s), 2 hit(s), 1 error(s), 0 left on base; Warwick 1 - Corpus Christi 5 |
TOP OF THE 3RD |
Warwick Hunchbacks batting - Pitching for Corpus Christi Twins : RHP Benjamin Booth
|
Batting: LHB Javier Pérez
|
0-0: Ball 1-0: Fly out, F8 (Flyball, 8LM)
|
Batting: LHB Luis Robles
|
0-0: Ball 1-0: SINGLE (Groundball, 56D)
|
Batting: RHB Jim Browning
|
0-0: Called Strike 0-1: Ball 1-1: Ball 2-1: Grounds into double play, 6-4-3 (Groundball, 6)
|
Top of the 3rd over - 0 run(s), 1 hit(s), 0 error(s), 0 left on base; Warwick 1 - Corpus Christi 5 |
BOTTOM OF THE 3RD |
Corpus Christi Twins batting - Pitching for Warwick Hunchbacks : RHP Lou Armstrong
|
Batting: RHB Gonzalo Núñez
|
0-0: Called Strike 0-1: Ball 1-1: Ball 2-1: Ball 3-1: Fly out, F3 (Popup, 4)
|
Batting: LHB Don Sullivan
|
0-0: Called Strike 0-1: Foul Ball, location: 2F 0-2: SOLO HOME RUN (Flyball, 9D), Distance : 382 ft
|
Batting: LHB John Brewer
|
0-0: Fly out, F9 (Flyball, 9S)
|
Batting: RHB Martín González
|
0-0: Swinging Strike 0-1: Swinging Strike 0-2: Ball 1-2: Ball 2-2: Strikes out looking
|
Bottom of the 3rd over - 1 run(s), 1 hit(s), 0 error(s), 0 left on base; Warwick 1 - Corpus Christi 6 |
TOP OF THE 4TH |
Warwick Hunchbacks batting - Pitching for Corpus Christi Twins : RHP Benjamin Booth
|
Batting: SHB Dustin Tucker
|
0-0: Foul Ball, location: 2F 0-1: Foul Ball, location: 2F 0-2: Strikes out looking
|
Batting: SHB Gregg Wagner
|
0-0: Ground out 6-3 (Groundball, 6M)
|
Batting: RHB Steve Brewer
|
0-0: Ball 1-0: SINGLE (Groundball, 56D)
|
Batting: LHB Ted Cracknell
|
0-0: Ball 1-0: Ball 2-0: Swinging Strike 2-1: Foul Ball, location: 2F 2-2: Foul Ball, location: 2F 2-2: Foul Ball, location: 2F 2-2: Foul Ball, location: 2F 2-2: Ground out 1-3 (Groundball, 15S)
|
Top of the 4th over - 0 run(s), 1 hit(s), 0 error(s), 1 left on base; Warwick 1 - Corpus Christi 6 |
BOTTOM OF THE 4TH |
Corpus Christi Twins batting - Pitching for Warwick Hunchbacks : RHP Lou Armstrong
|
Batting: RHB Daniel Cooper
|
0-0: Ball 1-0: Ball 2-0: Called Strike 2-1: Foul Ball, location: 2F 2-2: Ball 3-2: Base on Balls
|
Batting: RHB Denis Taylor
|
0-0: Foul Ball, location: 2F 0-1: Foul Ball, location: 2F 0-2: Foul Ball, location: 2F 0-2: Ball 1-2: Strikes out swinging
|
Batting: RHB Vincent Parker
|
0-0: Ball 1-0: Swinging Strike 1-1: Foul Ball, location: 2F 1-2: Strikes out swinging
|
Batting: RHB Andrew Floyd
|
0-0: Ball 1-0: Foul Ball, location: 2F 1-1: Called Strike 1-2: Ball 2-2: Ball 3-2: Foul Ball, location: 2F 3-2: Base on Balls Daniel Cooper to second
|
Batting: RHB Bill McCarty
|
0-0: Ball 1-0: SINGLE (Flyball, 6MD) Daniel Cooper to third Andrew Floyd to second Runner from 3rd tries for Home, SAFE, no throw or cutoff
|
Batting: RHB Gonzalo Núñez
|
0-0: Called Strike 0-1: Foul Ball, location: 2F 0-2: Ball 1-2: Ball 2-2: Strikes out looking
|
Bottom of the 4th over - 1 run(s), 1 hit(s), 0 error(s), 2 left on base; Warwick 1 - Corpus Christi 7 |
TOP OF THE 5TH |
Warwick Hunchbacks batting - Pitching for Corpus Christi Twins : RHP Benjamin Booth
|
Batting: SHB Joshua Barnes
|
0-0: DOUBLE (Line Drive, 89M)
|
Batting: RHB Octávio Castaneda
|
0-0: Ball 1-0: Ball 2-0: Fly out, F8 (Line Drive, 8LM)
|
Batting: LHB Javier Pérez
|
0-0: Called Strike 0-1: Ball 1-1: Ball 2-1: Foul Ball, location: 2F 2-2: Foul Ball, location: 2F 2-2: Foul Ball, location: 2F 2-2: Ball 3-2: Foul Ball, location: 2F 3-2: Fly out, F7 (Flyball, 7S)
|
Batting: LHB Luis Robles
|
0-0: Ball 1-0: Ball 2-0: Ball 3-0: Called Strike 3-1: Called Strike 3-2: Base on Balls
|
Batting: RHB Jim Browning
|
0-0: Ball 1-0: Called Strike 1-1: Called Strike 1-2: DOUBLE (Line Drive, 5) Joshua Barnes scores Luis Robles to third Runner from 3rd tries for Home, SAFE, no throw or cutoff
|
Batting: SHB Dustin Tucker
|
0-0: Ball 1-0: Ball 2-0: Ball 3-0: Called Strike 3-1: Base on Balls
|
Pitching: RHP Claudio Salinas
|
|
Batting: SHB Gregg Wagner
|
0-0: Fly out, F6 (Popup, 5DF)
|
Top of the 5th over - 2 run(s), 2 hit(s), 0 error(s), 2 left on base; Warwick 3 - Corpus Christi 7 |
BOTTOM OF THE 5TH |
Corpus Christi Twins batting - Pitching for Warwick Hunchbacks : RHP Lou Armstrong
|
Batting: LHB Don Sullivan
|
0-0: Ball 1-0: Called Strike 1-1: Ball 2-1: Ball 3-1: Base on Balls
|
Pitching: RHP Woody Pratt
|
|
Batting: LHB John Brewer
|
0-0: Foul Ball, location: 2F 0-1: Ball Don Sullivan steals 2nd base 1-1: Ground out 1-3 (Groundball, 13) Don Sullivan to third
|
Batting: RHB Martín González
|
0-0: SINGLE (Line Drive, 89S) Don Sullivan scores
|
Batting: RHB Daniel Cooper
|
0-0: Called Strike 0-1: Ball 1-1: Ball 2-1: 2-RUN HOME RUN (Flyball, 78XD), Distance : 423 ft
|
Batting: RHB Denis Taylor
|
0-0: Ground out 4-3 (Groundball, 4M)
|
Batting: RHB Vincent Parker
|
0-0: Foul Ball, location: 2F 0-1: Ball 1-1: Ball 2-1: Ball 3-1: Base on Balls
|
Batting: RHB Andrew Floyd
|
0-0: Ball 1-0: Called Strike 1-1: Called Strike 1-2: SINGLE (Line Drive, 34) Vincent Parker to second Runner from 2nd tries for 3rd, SAFE, throw made to third
|
Batting: RHB Bill McCarty
|
0-0: Called Strike 0-1: Ball 1-1: Fly out, F2 (Popup, 2RF)
|
Bottom of the 5th over - 3 run(s), 3 hit(s), 0 error(s), 2 left on base; Warwick 3 - Corpus Christi 10 |
TOP OF THE 6TH |
Warwick Hunchbacks batting - Pitching for Corpus Christi Twins : RHP Claudio Salinas
|
Batting: RHB Steve Brewer
|
0-0: Swinging Strike 0-1: Ball 1-1: Swinging Strike 1-2: Strikes out swinging
|
Batting: LHB Ted Cracknell
|
0-0: Called Strike 0-1: Called Strike 0-2: Foul Ball, location: 2F 0-2: Strikes out looking
|
Batting: SHB Joshua Barnes
|
0-0: Ball 1-0: SINGLE (Groundball, 4M)
|
Batting: RHB Octávio Castaneda
|
0-0: Ball 1-0: Swinging Strike 1-1: Called Strike Joshua Barnes steals 2nd base 1-2: Ball 2-2: Ball 3-2: SINGLE (Line Drive, 6MD) Joshua Barnes to third Joshua Barnes scores
|
Batting: LHB Javier Pérez
|
0-0: Foul Ball, location: 2F 0-1: Foul Ball, location: 2F 0-2: Foul Ball, location: 2F 0-2: Ball 1-2: SINGLE (Flyball, 7S) Octávio Castaneda to second
|
Batting: LHB Luis Robles
|
0-0: Called Strike 0-1: Called Strike 0-2: Ball 1-2: Foul Ball, location: 2F 1-2: Strikes out swinging
|
Top of the 6th over - 1 run(s), 3 hit(s), 0 error(s), 2 left on base; Warwick 4 - Corpus Christi 10 |
BOTTOM OF THE 6TH |
Corpus Christi Twins batting - Pitching for Warwick Hunchbacks : RHP Woody Pratt
|
Pitching: LHP Rocky Russell
|
|
Batting: RHB Gonzalo Núñez
|
0-0: Ball 1-0: Called Strike 1-1: Ball 2-1: Ball 3-1: Called Strike 3-2: Base on Balls
|
Batting: LHB Don Sullivan
|
0-0: Foul Ball, location: 2F 0-1: Ball 1-1: Ball 2-1: Ball 3-1: Foul Ball, location: 2F 3-2: Base on Balls Gonzalo Núñez to second
|
Batting: LHB John Brewer
|
0-0: Called Strike 0-1: Ball 1-1: Swinging Strike 1-2: Ball 2-2: Foul Ball, location: 2F 2-2: Foul Ball, location: 2F 2-2: Strikes out swinging
|
Batting: RHB Martín González
|
0-0: Ball Gonzalo Núñez is caught stealing 3rd base 1-0: Ball 2-0: Ground out 4-3 (Groundball, 4)
|
Bottom of the 6th over - 0 run(s), 0 hit(s), 0 error(s), 1 left on base; Warwick 4 - Corpus Christi 10 |
TOP OF THE 7TH |
Warwick Hunchbacks batting - Pitching for Corpus Christi Twins : RHP Claudio Salinas
|
Now at SS: Otso Tuulari
|
|
Batting: RHB Jim Browning
|
0-0: Called Strike 0-1: Fly out, F7 (Flyball, 78S)
|
Batting: SHB Dustin Tucker
|
0-0: Swinging Strike 0-1: SINGLE (Groundball, 6M)
|
Batting: SHB Gregg Wagner
|
0-0: 2-RUN HOME RUN (Flyball, 89XD), Distance : 416 ft
|
Pitching: RHP Charlie Hall
|
|
Batting: RHB Steve Brewer
|
0-0: Ball 1-0: Called Strike 1-1: Ball 2-1: Ground out U3 (Groundball, 3L)
|
Batting: LHB Ted Cracknell
|
0-0: Called Strike 0-1: Called Strike 0-2: Strikes out looking
|
Top of the 7th over - 2 run(s), 2 hit(s), 0 error(s), 0 left on base; Warwick 6 - Corpus Christi 10 |
BOTTOM OF THE 7TH |
Corpus Christi Twins batting - Pitching for Warwick Hunchbacks : LHP Rocky Russell
|
Batting: RHB Daniel Cooper
|
0-0: Ball 1-0: Fly out, F7 (Flyball, 7D)
|
Batting: RHB Denis Taylor
|
0-0: Called Strike 0-1: Ball 1-1: Ball 2-1: Ball 3-1: SINGLE (Line Drive, 4)
|
Batting: RHB Vincent Parker
|
0-0: Ball 1-0: Called Strike 1-1: Foul Ball, location: 2F 1-2: Ball Denis Taylor is caught stealing 2nd base 2-2: Ball 3-2: Foul Ball, location: 2F 3-2: Strikes out swinging
|
Bottom of the 7th over - 0 run(s), 1 hit(s), 0 error(s), 0 left on base; Warwick 6 - Corpus Christi 10 |
TOP OF THE 8TH |
Warwick Hunchbacks batting - Pitching for Corpus Christi Twins : RHP Charlie Hall
|
Batting: SHB Joshua Barnes
|
0-0: Ball 1-0: Called Strike 1-1: Ball 2-1: Called Strike 2-2: Strikes out swinging
|
Batting: RHB Octávio Castaneda
|
0-0: Called Strike 0-1: Ball 1-1: Swinging Strike 1-2: Strikes out swinging
|
Batting: LHB Javier Pérez
|
0-0: Foul Ball, location: 2F 0-1: Ball 1-1: Ball 2-1: Ball 3-1: Swinging Strike 3-2: SINGLE (Groundball, 4MD)
|
Batting: LHB Luis Robles
|
0-0: Ball 1-0: Foul Ball, location: 2F 1-1: SINGLE (Groundball, 15S) (infield hit) Javier Pérez to second
|
Pitching: RHP Jason Mosley
|
|
Batting: RHB Jim Browning
|
0-0: Ball 1-0: Swinging Strike 1-1: Ground out 3-1 (Groundball, 34)
|
Top of the 8th over - 0 run(s), 2 hit(s), 0 error(s), 2 left on base; Warwick 6 - Corpus Christi 10 |
BOTTOM OF THE 8TH |
Corpus Christi Twins batting - Pitching for Warwick Hunchbacks : LHP Rocky Russell
|
Pitching: LHP Jim Unknown
|
|
Batting: RHB Andrew Floyd
|
0-0: Ball 1-0: Ball 2-0: Swinging Strike 2-1: Ball 3-1: Swinging Strike 3-2: Foul Ball, location: 2F 3-2: Fly out, F8 (Line Drive, 8LD)
|
Batting: RHB Otso Tuulari
|
0-0: Ball 1-0: Fly out, F9 (Flyball, 9LS)
|
Batting: RHB Gonzalo Núñez
|
0-0: Ball 1-0: Called Strike 1-1: Ball 2-1: Foul Ball, location: 2F 2-2: Foul Ball, location: 2F 2-2: Ball 3-2: SINGLE (Line Drive, 9S)
|
Batting: LHB Don Sullivan
|
0-0: Called Strike 0-1: Hit by Pitch Gonzalo Núñez to second
|
Batting: LHB John Brewer
|
0-0: Called Strike 0-1: Foul Ball, location: 2F 0-2: Ball 1-2: Foul Ball, location: 2F 1-2: Foul Ball, location: 2F 1-2: SINGLE (Flyball, 4MD) Gonzalo Núñez to third Don Sullivan to second Runner from 3rd tries for Home, SAFE, no throw or cutoff
|
Batting: RHB Martín González
|
0-0: Foul Ball, location: 2F 0-1: Ball 1-1: Foul Ball, location: 2F 1-2: Hit by Pitch Don Sullivan to third John Brewer to second
|
Batting: RHB Daniel Cooper
|
0-0: Fly out, F7 (Flyball, 78D)
|
Bottom of the 8th over - 1 run(s), 2 hit(s), 0 error(s), 3 left on base; Warwick 6 - Corpus Christi 11 |
TOP OF THE 9TH |
Warwick Hunchbacks batting - Pitching for Corpus Christi Twins : RHP Jason Mosley
|
Batting: SHB Dustin Tucker
|
0-0: Called Strike 0-1: Ball 1-1: Called Strike 1-2: Ball 2-2: Fly out, F7 (Flyball, 78M)
|
Batting: SHB Gregg Wagner
|
0-0: Ball 1-0: Ball 2-0: DOUBLE (Flyball, 9LM)
|
Batting: RHB Steve Brewer
|
0-0: Ball 1-0: Ball 2-0: Called Strike 2-1: Swinging Strike 2-2: Ball 3-2: Foul Ball, location: 2F 3-2: Base on Balls
|
Batting: LHB Ted Cracknell
|
0-0: Foul Ball, location: 2F 0-1: SINGLE (Groundball, 3S) (infield hit) Gregg Wagner to third Steve Brewer to second
|
Pitching: RHP Reynaldo Díaz
|
|
Batting: SHB Joshua Barnes
|
0-0: Ball 1-0: Ball 2-0: Foul Ball, location: 2F 2-1: Ball 3-1: Foul Ball, location: 2F 3-2: Foul Ball, location: 2F 3-2: Foul Ball, location: 2F 3-2: Base on Balls Gregg Wagner scores Steve Brewer to third Ted Cracknell to second
|
Pinch Hitting: RHB John Huff
|
0-0: Ball 1-0: DOUBLE (Groundball, 3D) Steve Brewer scores Ted Cracknell scores Joshua Barnes to third
|
Pinch Hitting: LHB Ron Wallace
|
0-0: Ball 1-0: Ball 2-0: Ball 3-0: Base on Balls
|
Batting: LHB Luis Robles
|
0-0: Called Strike 0-1: Foul Ball, location: 2F 0-2: Ball 1-2: Grounds into double play, 4-6-3 (Groundball, 4)
|
Top of the 9th over - 3 run(s), 3 hit(s), 0 error(s), 2 left on base; Warwick 9 - Corpus Christi 11 |
|